 Dungeon Crawl Stone Soup version 0.28.0 (webtiles) character file.

Game seed: 16034792733129038838

4368 croobank the Skirmisher (level 10, -1/77 HPs)
             Began as a Minotaur Warper on Feb 10, 2022.
             Was a Believer of Hepliaklqana.
             Slain by an orc warrior (30 damage)
             ... in a bailey.
             The game lasted 00:27:29 (8272 turns).

croobank the Skirmisher (Minotaur Warper)           Turns: 8272, Time: 00:27:30

Health: -1/77      AC: 11    Str: 27    XL:     10   Next: 13%
Magic:  4/13       EV: 18    Int: 14    God:    Hepliaklqana [**....]
Gold:   366        SH:  0    Dex: 13    Spells: 7/17 levels left

rFire   . . .      SeeInvis .   s - +4 dagger (speed)
rCold   . . .      Faith    .   (no shield)
rNeg    . . .      Spirit   .   H - +4 robe of Augmentation {Str+4 Int+4 Dex+4}
rPois   .          Reflect  .   (helmet restricted)
rElec   .          Harm     +   g - scarf {harm}
rCorr   .          Rampage  .   D - +2 pair of gloves
Will    .....                   (no boots)
Stlth   +.........              (no amulet)
HPRegen 0.22/turn               h - +4 ring of evasion
MPRegen 0.13/turn               r - ring of wizardry

@: very slightly contaminated
A: reduced essence, horns 2, retaliatory headbutt, iridescent scales 1, low MP
1, strong 1
a: Renounce Religion, Recall Ancestor, Ancestor Identity


You were in a bailey.
You worshipped Hepliaklqana.
Hepliaklqana was pleased with you.
You visited 2 branches of the dungeon, and saw 10 of its levels.
You also visited: Bailey.

You collected 366 gold pieces.

Inventory:

Hand Weapons
 a - a +1 whip of flaming
 b - a +2 hunting sling of flaming
 d - a +0 war axe
 s - a +4 dagger of speed (weapon)
 G - a +0 great mace
 K - a +4 spectral quarterstaff
 L - a +0 hand crossbow
 O - a +2 antimagic falchion
Missiles
 f - 104 arrows
 m - 72 sling bullets
 t - 15 poisoned darts (quivered)
 F - 283 bolts
 N - 2 boomerangs
 Q - 20 stones
Armour
 e - a +0 scale mail
 g - a scarf of harm (worn)
 l - a +2 robe of willpower
 w - a +0 chain mail
 D - a +2 pair of gloves (worn)
 H - the +4 robe of Augmentation (worn) {Str+4 Int+4 Dex+4}
   (You found it on level 6 of the Dungeon)

   Str:       It affects your strength (+4).
   Int:       It affects your intelligence (+4).
   Dex:       It affects your dexterity (+4).
Magical Staves
 p - a staff of death
 B - a staff of poison
Jewellery
 h - a +4 ring of evasion (left hand)
 i - a +6 ring of intelligence
 r - a ring of wizardry (right hand)
 C - a ring of magical power
 E - a ring of resist corrosion
 I - a +6 ring of intelligence
Wands
 P - a wand of flame (25)
Scrolls
 c - 2 scrolls of blinking
 n - a scroll of summoning
 o - a scroll of immolation
 q - 2 scrolls of silence
 v - a scroll of brand weapon {unknown}
 x - a scroll of teleportation {unknown}
 y - a scroll of fear
Potions
 j - a potion of mutation
 k - a potion of heal wounds
 z - a potion of haste
 A - 2 potions of curing
 M - 2 potions of ambrosia {unknown}


   Skills:
 + Level 7.1 Fighting
 + Level 5.5 Short Blades
 - Level 4.5 Axes
 + Level 5.5 Throwing
 + Level 6.6 Armour
 + Level 6.2 Dodging
 + Level 4.0 Spellcasting
 + Level 4.6 Translocations


You had 7 spell levels left.
You knew the following spells:

 Your Spells              Type           Power      Damage    Failure   Level
a - Blink                 Tloc           30%        N/A       1%          2
b - Teleport Other        Tloc           15%        N/A       3%          3
c - Manifold Assault      Tloc           15%        N/A       30%         5

Your spell library contained the following spells:

 Spells                   Type           Power      Damage    Failure   Level
 Gell's Gravitas          Tloc           15%        N/A       3%          3
 Lesser Beckoning         Tloc           15%        N/A       3%          3
 Freeze                   Ice            8%         1d3       8%          1
 Portal Projectile        Hex/Tloc       18%        N/A       9%          3
 Static Discharge         Conj/Air       2%         N/A       12%         2
 Conjure Flame            Conj/Fire      2%         6-21      22%         3
 Frozen Ramparts          Ice            4%         1d2       22%         3
 Ignite Poison            Fire/Tmut/Pois 2%         N/A       22%         3
 Dispel Undead            Necr           2%         3d7       56%         4
 Hailstorm                Conj/Ice       2%         3d3       56%         4
 Sticky Flame             Conj/Fire      2%         2d3       56%         4
 Blade Hands              Tmut           1%         N/A       88%         5
 Excruciating Wounds      Necr           1%         N/A       88%         5


Dungeon Overview and Level Annotations

Branches:
Dungeon (9/15)             Temple (1/1) D:6          Bailey (1/1)
   Lair: D:8-11         Orc: D:9-12

Altars:
Cheibriados
Fedhas
Hepliaklqana
Okawaru
Qazlal

Shops:
D:6 (

Annotations:
D:3 2 transporters
D:6 1 runed translucent door, Crazy Yiuf


Innate Abilities, Weirdness & Mutations

Your life essence is reduced to manifest your ancestor. (-10% HP)
You have a pair of horns on your head.
You reflexively headbutt those who attack you in melee.
You are partially covered in iridescent scales. (AC +2)
Your magical capacity is low. (-10% MP)
Your muscles are strong. (Str +2)


Message History

The puff of frost hits the orc knight.
You hit the orc knight. You headbutt the orc knight!
The orc knight is heavily wounded.
You hit the orc knight but do no damage.
Your headbutt misses the orc knight.
The orc knight is heavily wounded.
The orc knight hits you with a +0 glaive!!
The orc warrior closely misses you.
You hit the orc knight.
The orc knight is heavily wounded.
You barely miss the orc knight.
The orc knight is heavily wounded.
The orc knight closely misses you. You furiously retaliate!
You headbutt the orc knight. The orc warrior barely misses you.
You barely miss the orc knight.
The orc knight is severely wounded.
Ingwe points at the orc knight and mumbles some strange words.
The stone arrow hits the orc knight.
You puncture the orc knight!
You headbutt the orc knight, but do no damage.
The orc knight is almost dead.
The orc knight completely misses you. The orc warrior barely misses you.
You hit the orc knight.
You headbutt the orc knight, but do no damage.
The orc knight is almost dead.
Ingwe hits the orc knight with a +0 quarterstaff!
The orc knight dies!
Your Fighting skill increases to level 7!
Your Spellcasting skill increases to level 4!
Found a glowing chain mail.
The orc warrior hits you with a +0 glaive!
The orc warrior hits you but does no damage.
There is an open door, spattered with blood here.
Things that are here:
a +0 glaive; a +0 ring mail The orc warrior barely misses you.
You closely miss the orc warrior. Your headbutt misses the orc warrior.
The orc warrior is lightly wounded.
The orc warrior hits you from afar with a +0 glaive!!
You die...

.≈#.).................)).)..#≈...
.≈##)∩#≈...............≈#∩.##≈...
.≈≈#)##≈....#######....≈##.#≈≈...
..≈≈.≈≈≈...##....##....≈≈≈.≈≈....
..........##.....##..............
.........##..#'''##..............
.........#..##∩!∩##..##..........
........##.####R####.##..........
........##.R)#o.@#.'.##..........
........##.###.8o###.##..........
........##.')#[.)#)R.##..........
........##.#########.##..........
.........#..##.#)##..#...........
.........##..#'#'#..##...........
..........##.......##............
..≈≈.≈≈≈...#########...≈≈≈.≈≈....
.≈≈#.##≈......###......≈##.#≈≈...


You could see the friendly Ingwe the battlemage and 2 orc warriors.

Vanquished Creatures
  Pikel (D:8)
  Joseph (D:7)
  Sigmund (D:6)
  A water moccasin (D:8)
  An ice beast (D:8)
  7 orc warriors
  2 black bears
  2 centaurs
  2 ogres
  A lemure (D:8)
  A kobold brigand (D:7)
  2 bullfrogs
  A gnoll sergeant (D:8)
  2 wyvern zombies
  3 scorpions
  A howler monkey (D:6)
  3 jellies
  4 hounds
  3 orc priests (D:8)
  2 bullfrog skeletons
  A howler monkey zombie (D:7)
  8 gnolls
  An adder (D:5)
  A shadow imp (D:7)
  An ufetubus (D:5)
  An adder skeleton (D:4)
  A worm (D:3)
  14 orcs
  7 ball pythons
  6 endoplasms
  2 giant cockroaches
  12 goblins
  6 hobgoblins
  3 jackals (D:1)
  6 quokkas
  2 bats
  3 frilled lizards
  14 kobolds
  2 rats
132 creatures vanquished.

Vanquished Creatures (collateral kills)
  An orc knight (Bailey)
  5 orc warriors (Bailey)
  A jelly (D:8)
  3 orcs
  A goblin (D:9)
11 creatures vanquished.

Vanquished Creatures (others)
  3 ancestors
3 creatures vanquished.

Grand Total: 146 creatures vanquished

Notes
Turn   | Place    | Note
-------+----------+-------------------------------------------
     0 | D:1      | croobank the Minotaur Warper began the quest for the Orb.
     0 | D:1      | Reached XP level 1. HP: 18/18 MP: 1/1
   346 | D:1      | Reached XP level 2. HP: 18/25 MP: 3/3
   356 | D:1      | Learned a level 2 spell: Blink
   517 | D:1      | You fall into a shaft and drop 1 floor!
  1103 | D:2      | Reached XP level 3. HP: 30/30 MP: 4/4
  1264 | D:2      | Found a faded altar of an unknown god.
  1589 | D:3      | Found a transporter.
  1594 | D:3      | Gained mutation: Your muscles are strong. (Str +2) [potion
                  | of mutation]
  1594 | D:3      | Gained mutation: You are partially covered in iridescent
                  | scales. (AC +2) [potion of mutation]
  1594 | D:3      | Gained mutation: Your magical capacity is low. (-10% MP)
                  | [potion of mutation]
  1597 | D:3      | Noticed a kobold demonologist
  1600 | D:3      | Reached skill level 3 in Fighting
  1626 | D:3      | Learned a level 3 spell: Teleport Other
  1640 | D:3      | Found a transporter.
  2788 | D:4      | Noticed a black bear
  2797 | D:4      | Killed a black bear
  2798 | D:4      | Reached skill level 1 in Short Blades
  2798 | D:4      | Reached XP level 4. HP: 36/38 MP: 3/4
  2798 | D:4      | Reached XP level 5. HP: 43/45 MP: 3/5
  2904 | D:5      | Entered Level 5 of the Dungeon
  3244 | D:4      | Noticed an orc warrior
  3411 | D:5      | Reached XP level 6. HP: 52/52 MP: 7/7
  3726 | D:5      | Reached skill level 4 in Fighting
  3901 | D:5      | Killed an orc warrior
  3902 | D:5      | Reached XP level 7. HP: 24/59 MP: 8/8
  4476 | D:6      | Noticed a rust devil
  4536 | D:6      | Found a staircase to the Ecumenical Temple.
  4552 | Temple   | Entered the Ecumenical Temple
  4600 | Temple   | Became a worshipper of Hepliaklqana the Forgotten
  4646 | D:6      | Noticed Sigmund
  4649 | D:6      | Noticed an angel
  4660 | D:6      | Killed Sigmund
  4722 | D:6      | Found the +4 robe of Augmentation {Str+4 Int+4 Dex+4}
  4747 | D:6      | Learned a level 5 spell: Manifold Assault
  4749 | D:6      | Found Zaamora's Weapon Emporium.
  4790 | D:6      | Reached XP level 8. HP: 67/67 MP: 9/9
  4984 | D:6      | Found a runed translucent door.
  4985 | D:6      | Noticed Crazy Yiuf
  5296 | D:7      | Reached skill level 5 in Fighting
  5314 | D:7      | Noticed Joseph
  5341 | D:7      | Killed Joseph
  5598 | D:7      | Found a stormy altar of Qazlal.
  5823 | D:7      | Reached skill level 5 in Armour
  5906 | D:7      | Reached * piety under Hepliaklqana
  6502 | D:8      | Noticed Pikel
  6517 | D:8      | Killed Pikel
  6518 | D:8      | Reached skill level 5 in Dodging
  6518 | D:8      | Reached XP level 9. HP: 48/67 MP: 11/11
  6763 | D:8      | Reached skill level 6 in Fighting
  7029 | D:8      | Reached ** piety under Hepliaklqana
  7034 | D:8      | Remembered your ancestor Ingwe as a battlemage
  7583 | D:9      | Found a flagged portal.
  7584 | D:9      | Reached skill level 5 in Throwing
  7589 | Bailey   | Entered a bailey
  7611 | Bailey   | Reached skill level 5 in Short Blades
  8178 | Bailey   | Reached XP level 10. HP: 59/75 MP: 13/13
  8256 | Bailey   | Noticed an orc knight
  8269 | Bailey   | Killed an orc knight
  8270 | Bailey   | Reached skill level 7 in Fighting
  8272 | Bailey   | Slain by an orc warrior

Illustrated notes

Levels and vault maps discovered:
D:1:      lightli_arrival_flooded_house, layout_loops_ring
D:2:      layout_basic, hellmonk_ecumenical_altar_run_dry, due_unseen_surprise
D:3:      gammafunk_wand_slinger, layout_basic
D:4:      layout_basic, chequers_serial_rivers_micro_b
D:5:      layout_rooms, grunt_decor_mini_mirrors, minivault_1
D:6:      layout_rooms, temple_garden, serial_shops, kennysheep_mini,
          minmay_misc_feat_ornament, uniq_crazy_yiuf_cottage, uniq_sigmund
D:7:      layout_loops_corners, nicolae_qazlal_general_emergency,
          kennysheep_big_empty_room, uniq_joseph
D:8:      layout_basic, uniq_pikel
D:9:      layout_irregular_city, enter_bailey_3,
          minmay_guarded_unrand_staff_of_olgreb, uniq_gastronok
Temple:   dpeg_five_rooms_temple
Bailey:   bailey_polearm_2, bailey

Skill      XL: |  1  2  3  4  5  6  7  8  9 10 |
---------------+-------------------------------+-----
Fighting       | 3 4 5 6 7 |  7.1
Axes           | 3 4 |  4.5
Armour         | 2 3 5 6 |  6.6
Short Blades   | 1 2 4 5 |  5.5
Throwing       | 2 3 4 5 |  5.5
Dodging        | 3 4 5 6 |  6.2
Spellcasting   | 2 3 4 |  4.0
Translocations | 3 4 |  4.6

Action                   |  1- 3 |  4- 6 |  7- 9 | 10-12 || total
-------------------------+-------+-------+-------+-------++-------
Melee: Hand axe          |    71 |       |       |       ||    71
       Headbutt          |    16 |    15 |    49 |     4 ||    84
       Punch             |     1 |       |     3 |       ||     4
       Dagger            |    53 |    57 |   258 |    13 ||   381
Throw: Boomerang         |     2 |     3 |       |       ||     5
       Dart              |       |     6 |    32 |       ||    38
       Stone             |       |     1 |       |       ||     1
 Cast: Teleport Other    |       |       |     1 |       ||     1
       Manifold Assault  |       |       |       |     1 ||     1
Invok: Ancestor Life: Ba |       |       |     1 |       ||     1
  Use: Scroll            |     2 |     8 |     8 |       ||    18
       Potion            |     1 |       |     3 |       ||     4
 Stab: Invisible         |       |       |     2 |       ||     2
       Sleeping          |       |       |     3 |       ||     3
Armor: Scale mail        |    21 |       |       |       ||    21
       Leather armour    |     3 |       |       |       ||     3
       Chain mail        |     8 |    20 |     5 |       ||    33
       Robe              |       |       |    40 |     2 ||    42
Dodge: Dodged            |    77 |    30 |   144 |     9 ||   260
